TOP OF THE 1ST |
Elmira Pioneers batting - Pitching for Waterbury Rough Riders : RHP Jeffrey Orville
|
Pitching: RHP Jeffrey Orville
|
|
Batting: SHB Alan Regier
|
0-0: Swinging Strike 0-1: Foul Ball, location: 2F 0-2: Ball 1-2: Ball 2-2: Strikes out looking
|
Batting: RHB Ron Stinnett
|
0-0: Ball 1-0: Called Strike 1-1: Swinging Strike 1-2: Foul Ball, location: 2F 1-2: Strikes out looking
|
Batting: SHB Esteban Mendez
|
0-0: Called Strike 0-1: Ball 1-1: Called Strike 1-2: Fly out, F8 (Flyball, 8RXD, EV 90.0 MPH)
|
Top of the 1st over - 0 runs, 0 hits, 0 errors, 0 left on base; Elmira 0 - Waterbury 0 |
BOTTOM OF THE 1ST |
Waterbury Rough Riders batting - Pitching for Elmira Pioneers : RHP Steve Ontiveros
|
Pitching: RHP Steve Ontiveros
|
|
Batting: RHB David Corman
|
0-0: Called Strike 0-1: SINGLE (Groundball, 6MD, EV 99.4 MPH)
|
Batting: RHB Jack Fimple
|
0-0: Foul Ball, location: 2F 0-1: Ball 1-1: Ball 2-1: Foul Ball, location: 2F 2-2: Ball 3-2: Grounds into double play, 6-4-3 (Groundball, 6, EV 103.8 MPH)
|
Batting: RHB Dave Wilder
|
0-0: Fly out, F3 (Popup, 3SF, EV 71.3 MPH)
|
Bottom of the 1st over - 0 runs, 1 hit, 0 errors, 0 left on base; Elmira 0 - Waterbury 0 |
TOP OF THE 2ND |
Elmira Pioneers batting - Pitching for Waterbury Rough Riders : RHP Jeffrey Orville
|
Batting: RHB Donn Koch
|
0-0: Called Strike 0-1: Ball 1-1: Fly out, F6 (Popup, P, EV 73.8 MPH)
|
Batting: RHB Edwin Rodriguez
|
0-0: Ball 1-0: Ball 2-0: Called Strike 2-1: Foul Ball, location: 2F 2-2: Ball 3-2: Fly out, F2 (Popup, 23F, EV 84.4 MPH)
|
Batting: SHB Michael Reeder
|
0-0: Ball 1-0: Called Strike 1-1: Ground out 6-3 (Groundball, 56, EV 105.6 MPH)
|
Top of the 2nd over - 0 runs, 0 hits, 0 errors, 0 left on base; Elmira 0 - Waterbury 0 |
BOTTOM OF THE 2ND |
Waterbury Rough Riders batting - Pitching for Elmira Pioneers : RHP Steve Ontiveros
|
Batting: RHB Billy Beane
|
0-0: Foul Ball, location: 2F 0-1: Ball 1-1: Ball 2-1: Foul Ball, location: 2F 2-2: Ball 3-2: Strikes out swinging
|
Batting: RHB Daniel Purpura
|
0-0: Ball 1-0: Foul Ball, location: 2F 1-1: Foul Ball, location: 2F 1-2: Fly out, F8 (Flyball, 8RD, EV 91.3 MPH)
|
Batting: LHB Wilson Tucker
|
0-0: Ball 1-0: Ball 2-0: SINGLE (Groundball, 56S, EV 75.0 MPH) (infield hit)
|
Batting: RHB Don Leach
|
0-0: Foul Ball, location: 2F 0-1: Ball 1-1: SINGLE (Groundball, 56D, EV 108.8 MPH) Wilson Tucker to second
|
Batting: RHB Enrique Collado
|
0-0: Called Strike 0-1: Called Strike 0-2: TRIPLE (Flyball, 78XD, EV 91.3 MPH) Wilson Tucker scores Don Leach scores
|
Batting: RHB Jose Quiroz
|
0-0: Called Strike 0-1: Fly out, F7 (Flyball, 7S, EV 95.6 MPH)
|
Bottom of the 2nd over - 2 runs, 3 hits, 0 errors, 1 left on base; Elmira 0 - Waterbury 2 |
TOP OF THE 3RD |
Elmira Pioneers batting - Pitching for Waterbury Rough Riders : RHP Jeffrey Orville
|
Batting: LHB Juan Flores
|
0-0: Ball 1-0: Called Strike 1-1: Fly out, F8 (Flyball, 8RXD, EV 94.4 MPH)
|
Batting: RHB Curtis Cannedy
|
0-0: Called Strike 0-1: Fly out, F8 (Flyball, 8LD, EV 95.6 MPH)
|
Batting: LHB German Barranca
|
0-0: Ball 1-0: Called Strike 1-1: Reached on error, E4 (Groundball, 34, EV 100.6 MPH)
|
Batting: SHB Alan Regier
|
0-0: Called Strike 0-1: Foul Ball, location: 2F 0-2: Ball 1-2: Ball German Barranca is caught stealing 2nd base 2-6
|
Top of the 3rd over - 0 runs, 0 hits, 1 error, 0 left on base; Elmira 0 - Waterbury 2 |
BOTTOM OF THE 3RD |
Waterbury Rough Riders batting - Pitching for Elmira Pioneers : RHP Steve Ontiveros
|
Batting: RHB David Corman
|
0-0: Ball 1-0: Foul Ball, location: 2F 1-1: DOUBLE (Line Drive, 9LM, EV 91.3 MPH)
|
Batting: RHB Jack Fimple
|
0-0: Called Strike 0-1: Foul Ball, location: 2F 0-2: Foul Ball, location: 2F 0-2: Foul Ball, location: 2F 0-2: SINGLE (Groundball, 6MD, EV 97.5 MPH) David Corman to third Runner from 3rd tries for Home, SAFE, throw by CF to home Jack Fimple to second
|
Batting: RHB Dave Wilder
|
0-0: Ball 1-0: Called Strike 1-1: Ball 2-1: Foul Ball, location: 2F 2-2: Strikes out swinging
|
Batting: RHB Billy Beane
|
0-0: Ball 1-0: Fly out, F9 (Flyball, 89M, EV 90.0 MPH)
|
Batting: RHB Daniel Purpura
|
0-0: Called Strike 0-1: Ball 1-1: Fly out, F4 (Popup, 34D, EV 56.3 MPH)
|
Bottom of the 3rd over - 1 run, 2 hits, 0 errors, 1 left on base; Elmira 0 - Waterbury 3 |
TOP OF THE 4TH |
Elmira Pioneers batting - Pitching for Waterbury Rough Riders : RHP Jeffrey Orville
|
Batting: SHB Alan Regier
|
0-0: Ball 1-0: Called Strike 1-1: Fly out, F8 (Flyball, 8RD, EV 78.1 MPH)
|
Batting: RHB Ron Stinnett
|
0-0: Swinging Strike 0-1: Ball 1-1: Swinging Strike 1-2: Reached on error, E3 (Flyball, 34D, EV 83.8 MPH)
|
Batting: SHB Esteban Mendez
|
0-0: Fly out, F8 (Flyball, 89S, EV 86.3 MPH)
|
Batting: RHB Donn Koch
|
0-0: Ball 1-0: Foul Ball, location: 2F 1-1: Called Strike 1-2: Ball 2-2: Strikes out swinging
|
Top of the 4th over - 0 runs, 0 hits, 1 error, 1 left on base; Elmira 0 - Waterbury 3 |
BOTTOM OF THE 4TH |
Waterbury Rough Riders batting - Pitching for Elmira Pioneers : RHP Steve Ontiveros
|
Batting: LHB Wilson Tucker
|
0-0: Ball 1-0: Called Strike 1-1: Ground out 6-3 (Groundball, 6, EV 103.1 MPH)
|
Batting: RHB Don Leach
|
0-0: Fly out, F9 (Flyball, 9S, EV 90.0 MPH)
|
Batting: RHB Enrique Collado
|
0-0: Ball 1-0: Ball 2-0: Called Strike 2-1: SINGLE (Line Drive, 4MD, EV 98.8 MPH)
|
Batting: RHB Jose Quiroz
|
0-0: Ball 1-0: Called Strike 1-1: Ball 2-1: Ball 3-1: SINGLE (Groundball, 4D, EV 95.0 MPH) Enrique Collado to second Runner from 2nd tries for 3rd, SAFE, no throw by RF
|
Batting: RHB David Corman
|
0-0: Ball 1-0: Foul Ball, location: 2F 1-1: Foul Ball, location: 2F 1-2: Foul Ball, location: 2F 1-2: Foul Ball, location: 2F 1-2: Foul Ball, location: 2F 1-2: Foul Ball, location: 2F 1-2: Foul Ball, location: 2F 1-2: Fly out, F8 (Flyball, 8LM, EV 85.0 MPH)
|
Bottom of the 4th over - 0 runs, 2 hits, 0 errors, 2 left on base; Elmira 0 - Waterbury 3 |
TOP OF THE 5TH |
Elmira Pioneers batting - Pitching for Waterbury Rough Riders : RHP Jeffrey Orville
|
Batting: RHB Edwin Rodriguez
|
0-0: Ball 1-0: Ground out U3 (Groundball, 3, EV 88.8 MPH)
|
Batting: SHB Michael Reeder
|
0-0: Called Strike 0-1: Ball 1-1: SINGLE (Groundball, 4M, EV 96.3 MPH) (infield hit)
|
Batting: LHB Juan Flores
|
0-0: Ball 1-0: SINGLE (Line Drive, 8RS, EV 107.5 MPH) Michael Reeder to second
|
Batting: RHB Curtis Cannedy
|
0-0: Ball 1-0: Called Strike 1-1: Foul Ball, location: 2F 1-2: Strikes out swinging
|
Batting: LHB German Barranca
|
0-0: Ball 1-0: Called Strike 1-1: Ball 2-1: Fielders Choice at 2nd, 6-4 (Groundball, 6, EV 83.8 MPH)
|
Top of the 5th over - 0 runs, 2 hits, 0 errors, 2 left on base; Elmira 0 - Waterbury 3 |
BOTTOM OF THE 5TH |
Waterbury Rough Riders batting - Pitching for Elmira Pioneers : RHP Steve Ontiveros
|
Batting: RHB Jack Fimple
|
0-0: Foul Ball, location: 2F 0-1: Ball 1-1: Ball 2-1: Swinging Strike 2-2: Strikes out swinging
|
Batting: RHB Dave Wilder
|
0-0: Foul Ball, location: 2F 0-1: Ball 1-1: Swinging Strike 1-2: Foul Ball, location: 2F 1-2: DOUBLE (Groundball, 5L, EV 110.0 MPH)
|
Batting: RHB Billy Beane
|
0-0: Ball 1-0: Fly out, F8 (Flyball, 8LD, EV 93.1 MPH) Runner from 2nd tags up, SAFE at 3rd with throw by CF
|
Batting: RHB Daniel Purpura
|
0-0: Ground out 4-3 (Groundball, 4, EV 81.9 MPH)
|
Bottom of the 5th over - 0 runs, 1 hit, 0 errors, 1 left on base; Elmira 0 - Waterbury 3 |
TOP OF THE 6TH |
Elmira Pioneers batting - Pitching for Waterbury Rough Riders : RHP Jeffrey Orville
|
Batting: SHB Alan Regier
|
0-0: Ball 1-0: Ball 2-0: Foul Ball, location: 2F 2-1: Ball 3-1: Called Strike 3-2: Fly out, F8 (Flyball, 8LM, EV 89.4 MPH)
|
Batting: RHB Ron Stinnett
|
0-0: Ball 1-0: Called Strike 1-1: Swinging Strike 1-2: Ball 2-2: Ball 3-2: Foul Ball, location: 2F 3-2: Fly out, F8 (Flyball, 78D, EV 91.9 MPH)
|
Batting: SHB Esteban Mendez
|
0-0: Ball 1-0: Ball 2-0: Foul Ball, location: 2F 2-1: Foul Ball, location: 2F 2-2: SINGLE (Groundball, 13, EV 89.4 MPH) (infield hit)
|
Batting: RHB Donn Koch
|
0-0: Ball 1-0: Ground out 3-1 (Groundball, 34S, EV 79.4 MPH)
|
Top of the 6th over - 0 runs, 1 hit, 0 errors, 1 left on base; Elmira 0 - Waterbury 3 |
BOTTOM OF THE 6TH |
Waterbury Rough Riders batting - Pitching for Elmira Pioneers : RHP Steve Ontiveros
|
Batting: LHB Wilson Tucker
|
0-0: SINGLE (Line Drive, 34D, EV 110.0 MPH)
|
Batting: RHB Don Leach
|
0-0: Ball 1-0: SINGLE (Groundball, 6MD, EV 101.3 MPH) Wilson Tucker to second
|
Batting: RHB Enrique Collado
|
0-0: Bunt missed! 0-1: Bunt missed! 0-2: Fly out, F7 (Line Drive, 7, EV 93.1 MPH)
|
Batting: RHB Jose Quiroz
|
0-0: Called Strike 0-1: Ball Don Leach steals 2nd base Wilson Tucker steals 3rd base 1-1: Ball 2-1: Foul Ball, location: 2F 2-2: Foul Ball, location: 2F 2-2: Fly out, F6 (Popup, P, EV 82.5 MPH)
|
Batting: RHB David Corman
|
0-0: Called Strike 0-1: SINGLE (Line Drive, 78S, EV 95.0 MPH) Wilson Tucker scores Don Leach to third Runner from 3rd tries for Home, throw by CF and OUT! 8-2
|
Bottom of the 6th over - 1 run, 3 hits, 0 errors, 1 left on base; Elmira 0 - Waterbury 4 |
TOP OF THE 7TH |
Elmira Pioneers batting - Pitching for Waterbury Rough Riders : RHP Jeffrey Orville
|
Batting: RHB Edwin Rodriguez
|
0-0: Called Strike 0-1: Ball 1-1: Ball 2-1: Ground out U3 (Groundball, 3S, EV 85.6 MPH)
|
Batting: SHB Michael Reeder
|
0-0: Foul Ball, location: 2F 0-1: Fly out, F8 (Flyball, 8RXD, EV 91.3 MPH)
|
Batting: LHB Juan Flores
|
0-0: Ball 1-0: Foul Ball, location: 2F 1-1: Foul Ball, location: 2F 1-2: Fly out, F9 (Flyball, 9, EV 81.9 MPH)
|
Top of the 7th over - 0 runs, 0 hits, 0 errors, 0 left on base; Elmira 0 - Waterbury 4 |
BOTTOM OF THE 7TH |
Waterbury Rough Riders batting - Pitching for Elmira Pioneers : RHP Steve Ontiveros
|
Batting: RHB Jack Fimple
|
0-0: Ball 1-0: Swinging Strike 1-1: Swinging Strike 1-2: Foul Ball, location: 2F 1-2: Foul Ball, location: 2F 1-2: Ball 2-2: Foul Ball, location: 2F 2-2: SINGLE (Line Drive, 9S, EV 103.1 MPH)
|
Pitching: RHP Jeffrey Franklin
|
|
Batting: RHB Dave Wilder
|
0-0: Called Strike 0-1: Called Strike 0-2: Strikes out swinging
|
Batting: RHB Billy Beane
|
0-0: Ball 1-0: Called Strike 1-1: Ball 2-1: Fly out, F8 (Flyball, 89S, EV 76.3 MPH)
|
Batting: RHB Daniel Purpura
|
0-0: Called Strike 0-1: Ball 1-1: Ball 2-1: Ball 3-1: Swinging Strike 3-2: Base on Balls Jack Fimple to second
|
Batting: LHB Wilson Tucker
|
0-0: Foul Ball, location: 2F 0-1: Called Strike 0-2: Ball 1-2: Strikes out swinging
|
Bottom of the 7th over - 0 runs, 1 hit, 0 errors, 2 left on base; Elmira 0 - Waterbury 4 |
TOP OF THE 8TH |
Elmira Pioneers batting - Pitching for Waterbury Rough Riders : RHP Jeffrey Orville
|
Batting: RHB Curtis Cannedy
|
0-0: Ground out 6-3 (Groundball, 6M, EV 82.5 MPH)
|
Batting: LHB German Barranca
|
0-0: Called Strike 0-1: Called Strike 0-2: Ball 1-2: SOLO HOME RUN (Flyball, 9D, EV 91.3 MPH), Distance : 371 ft
|
Batting: SHB Alan Regier
|
0-0: Foul Ball, location: 2F 0-1: Swinging Strike 0-2: SINGLE (Flyball, 9S, EV 91.3 MPH)
|
Batting: RHB Ron Stinnett
|
0-0: Ball 1-0: Swinging Strike 1-1: Ball 2-1: Foul Ball, location: 2F 2-2: Ball 3-2: Ground out 3-1 (Groundball, 34S, EV 81.3 MPH) Alan Regier to second
|
Batting: SHB Esteban Mendez
|
0-0: Ball 1-0: Ball 2-0: Ball 3-0: Base on Balls
|
Batting: RHB Donn Koch
|
0-0: Ground out 1-3 (Groundball, 34S, EV 67.5 MPH)
|
Top of the 8th over - 1 run, 2 hits, 0 errors, 2 left on base; Elmira 1 - Waterbury 4 |
BOTTOM OF THE 8TH |
Waterbury Rough Riders batting - Pitching for Elmira Pioneers : RHP Jeffrey Franklin
|
Batting: RHB Don Leach
|
0-0: Foul Ball, location: 2F 0-1: Ball 1-1: Ball 2-1: Called Strike 2-2: Ground out 5-3 (Groundball, 56S, EV 85.0 MPH)
|
Batting: RHB Enrique Collado
|
0-0: Swinging Strike 0-1: Called Strike 0-2: Ball 1-2: Strikes out swinging
|
Batting: RHB Jose Quiroz
|
0-0: Ball 1-0: Ball 2-0: Called Strike 2-1: Ball 3-1: Foul Ball, location: 2F 3-2: Ground out 6-3 (Groundball, 6, EV 90.6 MPH)
|
Bottom of the 8th over - 0 runs, 0 hits, 0 errors, 0 left on base; Elmira 1 - Waterbury 4 |
TOP OF THE 9TH |
Elmira Pioneers batting - Pitching for Waterbury Rough Riders : RHP Jeffrey Orville
|
Pitching: RHP Marcial Abreu
|
|
Now at 3B: Paul Gbur
|
|
Now in LF: David Daniels
|
|
Batting: RHB Edwin Rodriguez
|
0-0: SOLO HOME RUN (Line Drive, 7D, EV 103.8 MPH), Distance : 381 ft
|
Batting: SHB Michael Reeder
|
0-0: Ball 1-0: Ball 2-0: Ball 3-0: Called Strike 3-1: Foul Ball, location: 2F 3-2: Base on Balls
|
Batting: LHB Juan Flores
|
0-0: Called Strike 0-1: Ground out 3-1 (Groundball, 34S, EV 88.8 MPH) Michael Reeder to second
|
Pinch Hitting: LHB Neil Fiala
|
0-0: Called Strike 0-1: Swinging Strike 0-2: Ball 1-2: Ball 2-2: Ball 3-2: Strikes out looking
|
Batting: LHB German Barranca
|
0-0: Ball 1-0: Called Strike 1-1: Ball 2-1: Fly out, F8 (Flyball, 8LXD, EV 104.4 MPH)
|
Top of the 9th over - 1 run, 1 hit, 0 errors, 1 left on base; Elmira 2 - Waterbury 4 |
|